 Dungeon Crawl Stone Soup version 0.31-a0-466-g98c9adc2b6 (webtiles) character file.

Game seed: 1930207426678810179

4 avis the Caller (level 1, 0/7 HPs)
             Began as a Felid Summoner on Aug 6, 2023.
             Frozen to death by an endoplasm (5 damage)
             ... on level 1 of the Dungeon.
             The game lasted 00:02:47 (191 turns).

avis the Caller (Felid Summoner)                     Turns: 191, Time: 00:02:48

Health: 0/7        AC:  1    Str:  4    XL:     1   Next: 58%
Magic:  2/4        EV: 17    Int: 16    God:
Gold:   8          SH:  0    Dex: 16    Spells: 3/4 levels left
                                        Lives:  0   Deaths: 0

rFire   . . .        (weapon unavailable)
rCold   . . .        (shield unavailable)
rNeg    . . .        (body armour unavailable)
rPois   .            (helmet unavailable)
rElec   .            (cloak unavailable)
rCorr   .            (gloves unavailable)
SInv    +            (boots unavailable)
Will    .....        (no amulet)
Stlth   ++           (no ring)
HPRegen 0.21/turn    (no ring)
MPRegen 0.09/turn

%: no passive effects
@: quick
A: very small, claws 1, fangs 3, see invisible, speed 1, shaggy fur 1, stealthy
paws, no weapons or thrown items, no armour, multi-lived
a: no special abilities


You were on level 1 of the Dungeon.
You visited 1 branch of the dungeon, and saw 1 of its levels.

You collected 8 gold pieces.

Inventory:

Potions
 a - a potion of magic
 b - a potion of haste {unknown}


   Skills:
 - Level 2.6 Dodging
 - Level 2.6 Stealth
 * Level 2.2 Spellcasting
 + Level 4.0 Summonings


You had 3 spell levels left.
You knew the following spells:

 Your Spells              Type           Power      Damage    Failure   Level
a - Summon Small Mammal   Summ           56%        N/A       3%          1

Your spell library contained the following spells:

 Spells                   Type           Power      Damage    Failure   Level
 Call Imp                 Summ           28%        N/A       6%          2
 Call Canine Familiar     Summ           14%        N/A       12%         3
 Summon Guardian Golem    Hex/Summ       8%         N/A       26%         3
 Summon Lightning Spire   Summ/Air       8%         N/A       65%         4


Dungeon Overview and Level Annotations

Branches:
Dungeon (1/15)

Altars:


Innate Abilities, Weirdness & Mutations

You have sharp claws.
You have razor-sharp teeth.
You have supernaturally acute eyesight. (SInv)
You cover ground quickly. (Speed+)
You are covered in fur. (AC +1)
Your paws help you pounce on unaware monsters.
You are incapable of wielding weapons or throwing items.
You cannot wear armour.
You gain extra lives every three experience levels.


Message History

The jackal bites your bat but does no damage.
Your bat hits the jackal but does no damage.
Your bat closely misses the jackal.
The jackal closely misses your bat.
Your quokka barely misses the jackal.
Your bat closely misses the jackal.
The jackal misses your bat.
Your quokka barely misses the jackal.
You scratch the jackal but do no damage.
The jackal is moderately wounded.
Your bat hits the jackal but does no damage.
Your quokka closely misses the jackal.
The jackal barely misses you.
You scratch the jackal.
The jackal is heavily wounded.
Your bat barely misses the jackal.
Your quokka bites the jackal.
The jackal dies!
You start resting.
Your quokka disappears in a puff of smoke!
Your bat disappears in a puff of smoke!
Magic restored.
You see here a bat corpse.
You now have 8 gold pieces.
Found a faded altar of an unknown god.
Found a viscous sapphire potion.
There is an abandoned shop here.
There is a faded altar of an unknown god here.
b - a viscous sapphire potion
There is a faded altar of an unknown god here.
Found a stone staircase leading down.
An endoplasm comes into view.
The endoplasm quivers.
Casting: Summon Small Mammal (safe; 3% risk of failure)
Confirm with . or Enter, or press ? or * to list all spells.
The endoplasm jiggles.
The endoplasm freezes you.
You are frozen.
Casting: Summon Small Mammal (safe; 3% risk of failure)
Confirm with . or Enter, or press ? or * to list all spells.
The endoplasm freezes you.
You are frozen.
Ouch! That really hurt!
You die...

#.# #.# #.... .# #.#
... .. #.#####... ..
#######.#....... .#
###.........####.##.###
#...........#....r....#
†##†........#..r.?.>..#
###......##.#..J@.....#
# #.......###.........#
#........#####.######
#.....#...## #..#
##.....##...####.#
##......###.......#
##.###..# #∩_.....#
.#.# ##.###.......#
#..# #.##...######


You could see an endoplasm (ally target) and 2 friendly rats.

Vanquished Creatures (collateral kills)
  2 jackals (D:1)
  A quokka (D:1)
  A bat (D:1)
4 creatures vanquished.

Notes
Turn   | Place    | Note
-------+----------+-------------------------------------------
     0 | D:1      | avis the Felid Summoner began the quest for the Orb.
     0 | D:1      | Reached XP level 1. HP: 7/7 MP: 4/4
   155 | D:1      | Found a faded altar of an unknown god.
   191 | D:1      | Frozen to death by an endoplasm

Illustrated notes

Levels and vault maps discovered:
D:1:      dpeg_arrival_simpleton_a, layout_basic,
          hellmonk_ecumenical_altar_crossroads, serial_bayou_lake_a

Action                     || total
---------------------------++-------
  Melee: Unarmed           ||     9
   Cast: Summon Small Mamm ||    12
 Armour: Skin              ||     6
  Dodge: Dodged            ||    43

Table legend: (Time is in decaauts)
 A = Elapsed time spent in this place.
 B = Non-inter-level travel time spent in this place.
 C = Inter-level travel time spent in this place.
 D = Time resting spent in this place.
 E = Time spent auto-exploring this place.
 F = Levels seen in this place.
 G = Mean time per level.
                   A        B        C        D        E       F      G
               +--------+--------+--------+--------+--------+-----+--------+
         Total |    172 |    172 |      0 |     37 |     33 |   1 |  172.0 |
       Dungeon |    172 |    172 |      0 |     37 |     33 |   1 |  172.0 |
               +--------+--------+--------+--------+--------+-----+--------+

Top non-repeatable levels by time:
     D:1: 172 daAuts
